 Dungeon Crawl Stone Soup version 0.25.0-10-g039870ee82 (webtiles) character file.

Game seed: 16972754668205906444

1148 shadizar the Sneak (level 8, 0/56 HPs)
             Began as an Octopode Transmuter on June 22, 2020.
             Killed from afar by an orc wizard (5 damage)
             ... with a puff of frost
             ... on level 5 of the Dungeon.
             The game lasted 00:17:19 (8867 turns).

shadizar the Sneak (Octopode Transmuter)            Turns: 8867, Time: 00:17:20

Health: 0/56       AC:  1    Str: 11    XL:     8   Next: 38%
Magic:  11/12      EV: 15    Int: 15    God:
Gold:   295        SH:  5    Dex: 13    Spells: 9/13 levels left

rFire    . . .     SeeInvis +     - Unarmed
rCold    . . .     Gourm    .   (no shield)
rNeg     . . .     Faith    .   (helmet restricted)
rPois    .         Spirit   .   v - amulet of reflection
rElec    .         Reflect  +   n - ring of stealth
rCorr    .         Harm     .   p - ring of see invisible
MR       +....                  y - ring of flight
Stlth    +++++.....             C - ring of protection from magic
HPRegen  0.18/turn              (no ring)
MPRegen  0.13/turn              (no ring)
                                (no ring)
                                (no ring)

@: appendage
A: almost no armour, stealthy swim, amphibious, 8 rings, constrict 8, tentacle
spike 3, camouflage 1, gelatinous body 1
a: End Transformation, Evoke Flight


You were on level 5 of the Dungeon.
You were hungry.
One of your tentacles had a temporary spike.
You visited 1 branch of the dungeon, and saw 6 of its levels.

You collected 295 gold pieces.

Inventory:

Missiles
 a - 58 arrows
Jewellery
 n - a ring of stealth (left tentacle)
 p - a ring of see invisible (right tentacle)
 s - an uncursed ring of ice
 v - an amulet of reflection (around mantle)
 y - a ring of flight (on tentacle)
 C - a ring of protection from magic (on tentacle)
Wands
 m - a wand of acid (7)
 w - a wand of polymorph (4)
Scrolls
 e - 3 scrolls of amnesia
 f - a scroll of fear
 h - 7 scrolls of teleportation
 j - 8 scrolls of remove curse
 l - 3 scrolls of enchant weapon
 r - a scroll of magic mapping
 u - a scroll of identify
Potions
 b - a potion of resistance
 d - a potion of stabbing {unknown}
 g - a potion of curing
 i - a potion of might {unknown}
 k - a potion of heal wounds
 o - 2 potions of mutation
 q - a potion of flight {unknown}
 t - a potion of haste
 x - a potion of brilliance {unknown}
 A - a potion of ambrosia
 B - a potion of magic {unknown}
Comestibles
 c - 13 rations


   Skills:
 + Level 5.4 Fighting
 + Level 3.8 Dodging
 + Level 5.9 Stealth
 + Level 5.2 Unarmed Combat
 + Level 3.0 Spellcasting
 + Level 3.2 Transmutations
 + Level 1.0 Poison Magic


You had 9 spell levels left.
You knew the following spells:

 Your Spells              Type           Power        Failure   Level  Hunger
a - Beastly Appendage     Tmut           ##....       5%          1    #......
b - Spider Form           Tmut/Pois      #.........   26%         3    ###....

Your spell library contained the following spells:

 Spells                   Type           Power        Failure   Level  Hunger
 Sticks to Snakes         Tmut           ##......     8%          2    ##.....
 Ice Form                 Ice/Tmut       #.......     71%         4    #####..
 Blade Hands              Tmut           ##........   82%         5    ######.
 Metabolic Englaciation   Hex/Ice        #.........   99%         5    ######.
 Freezing Cloud           Conj/Ice/Air   #.........   100%        6    #######
 Ozocubu's Refrigeration  Ice            #.........   100%        6    #######
 Simulacrum               Ice/Necr       #.........   100%        6    #######


Dungeon Overview and Level Annotations

Branches:
Dungeon (6/15)
 Temple: D:4-7

Altars:
Ashenzari
Cheibriados
Fedhas
Qazlal


Innate Abilities, Weirdness & Mutations

You cannot wear most types of armour.
You are very stealthy in the water. (Stealth+)
You are amphibious.
You can wear up to eight rings at the same time.
You can use your tentacles to constrict eight enemies at once.
Your skin changes colour to match your surroundings (Stealth+).
Your rubbery body absorbs attacks. (AC +1, EV +1)
One of your tentacles bears a large vicious spike.


Message History

Unknown command.
Unknown command.
Unknown command.
You feel better. You block the orc wizard's attack. The orc wizard misses you.
Casting: Beastly Appendage (safe; 5% risk of failure)
Confirm with . or Enter, or press ? or * to list all spells.
One of your tentacles grows a vicious spike.
The orc wizard gestures at you while chanting.
The puff of frost hits you!
* * * LOW HITPOINT WARNING * * *
You tentacle-slap the orc wizard. Your grab misses the orc wizard.
You pierce the orc wizard.
Your squeeze misses the orc wizard.
The orc wizard is heavily wounded.
The orc wizard points at you and mumbles some strange words.
The puff of flame hits you!
* * * LOW HITPOINT WARNING * * *
The adder bites you but does no damage.
The orc wizard gestures at you while chanting.
The puff of frost hits you.
You die...

#########
#..<....#
####.......
..........
.........
........#
......o@#
......S.#
........#
........#
........#
........#
#########


You could see an orc wizard (fast) and an adder.

Vanquished Creatures
  Edmund (D:6)
  A phantom (D:5)
  An ogre (D:5)
  2 bullfrogs (D:6)
  A scorpion (D:4)
  A howler monkey (D:5)
  A crimson imp (D:5)
  A jelly (D:6)
  4 orc priests (D:6)
  2 hounds
  An iguana (D:5)
  3 orc wizards
  A centaur skeleton (D:4)
  A worker ant (D:4)
  10 adders
  5 dart slugs
  8 leopard geckos
  16 orcs
  13 bats
  5 giant cockroaches
  12 goblins
  6 hobgoblins
  19 jackals
  2 quokkas
  2 ball pythons
  4 frilled lizards
  8 kobolds
  2 leopard gecko skeletons
  A quokka skeleton (D:4)
  7 rats
141 creatures vanquished.

Notes
Turn   | Place    | Note
-------+----------+-------------------------------------------
     0 | D:1      | shadizar the Octopode Transmuter began the quest for the
                  | Orb.
     0 | D:1      | Reached XP level 1. HP: 13/13 MP: 3/3
   205 | D:1      | Reached skill level 1 in Stealth
   205 | D:1      | Reached XP level 2. HP: 12/18 MP: 5/5
   905 | D:1      | Reached XP level 3. HP: 14/24 MP: 6/6
  1448 | D:2      | Found a blossoming altar of Fedhas.
  1680 | D:2      | Reached XP level 4. HP: 24/30 MP: 7/7
  2568 | D:2      | Found a shattered altar of Ashenzari.
  2569 | D:2      | Found a snail-covered altar of Cheibriados.
  2950 | D:3      | Reached XP level 5. HP: 29/36 MP: 8/8
  4478 | D:3      | Reached XP level 6. HP: 23/43 MP: 9/9
  4723 | D:4      | Found a stormy altar of Qazlal.
  6280 | D:5      | Entered Level 5 of the Dungeon
  6449 | D:5      | Reached XP level 7. HP: 36/49 MP: 10/10
  7008 | D:5      | Reached skill level 5 in Fighting
  7008 | D:5      | Reached skill level 5 in Stealth
  8042 | D:6      | Noticed a hippogriff
  8085 | D:6      | Noticed Edmund
  8093 | D:6      | Reached skill level 5 in Unarmed Combat
  8093 | D:6      | Reached XP level 8. HP: 55/55 MP: 9/11
  8121 | D:6      | Killed Edmund
  8131 | D:6      | Learned a level 3 spell: Spider Form
  8429 | D:6      | Reached skill level 1 in Poison Magic
  8867 | D:5      | Killed from afar by an orc wizard

Illustrated notes

Levels and vault maps discovered:
D:1:      scummos_arrival_checkerplants, layout_basic
D:2:      layout_basic, minitemple, fedhas_altar_1, first_ration,
          minmay_misc_feat_square
D:3:      minmay_bubble_buster, layout_basic
D:4:      layout_loops_cross, grunt_qazlal_clouds
D:5:      layout_basic
D:6:      layout_layer_cave, uniq_edmund

Skill      XL: |  1  2  3  4  5  6  7  8 |
---------------+-------------------------+-----
Stealth        | 1 2 3 4 5 |  5.9
Fighting       | 2 3 4 5 |  5.4
Unarmed Combat | 4 5 |  5.2
Dodging        | 3 |  3.8
Transmutations | 3 |  3.2
Spellcasting   | 3 |  3.0
Poison Magic   | 1 |  1.0

Action                   |  1- 3 |  4- 6 |  7- 9 || total
-------------------------+-------+-------+-------++-------
Melee: Unarmed           |    80 |   205 |   122 ||   407
       Constrict         |    20 |    53 |    22 ||    95
       Punch             |     5 |     2 |     5 ||    12
       Tentacles         |    11 |    36 |    23 ||    70
       Kick              |     1 |     2 |    23 ||    26
 Cast: Beastly Appendage |     1 |     1 |    10 ||    12
  Use: Scroll            |       |     9 |     5 ||    14
       Potion            |       |       |     5 ||     5
 Stab: Sleeping          |     8 |    21 |     5 ||    34
       Distracted        |       |     2 |       ||     2
  Eat: Chunk             |     2 |    12 |     7 ||    21
       Ration            |       |     1 |       ||     1
Armor: Skin              |     6 |    19 |     3 ||    28
Dodge: Dodged            |    58 |   118 |    79 ||   255
Block: Other             |       |       |     9 ||     9
